[ PARTIDA AOE2 · #482021668 ]
1v1 RMLituanos vs Magyars
Equipo del jugador · VICT
Equipo rival · DERR
[ ANÁLISIS DE REPETICIÓN · EXTRAÍDO DE LA PARTIDA GRABADA ]
Feudal
11:06
Castillos
26:59
Imperial
—
| APM promedio | 43.6 |
| APM pico | 89 |
| eAPM promedio | 17.7 |
| Aldeanos / militares | 113 / 77 |
Foco
⚔️ 33.3% · 🌾 66.7%
Archer ×40 · Spearman ×27 · Mangonel ×7 · Battering Ram ×3
Feudal
9:32
Castillos
29:14
Imperial
—
| APM promedio | 28.0 |
| APM pico | 78 |
| eAPM promedio | 11.7 |
| Aldeanos / militares | 54 / 97 |
Foco
⚔️ 32.8% · 🌾 67.2%
Skirmisher ×48 · Scout Cavalry ×23 · Knight ×18 · Cavalry Archer ×6 · Spearman ×2
Mapa de la partida
Recursos al inicio + cada clic de construcción. Línea gruesa = muro · recuadro discontinuo = muro de casas detectado. 🟡 oro · ⚪ piedra · 🟢 bayas · 🔶 jabalí · ⭕ reliquia
Inputs por minuto
— cutomuto - - Grand
Build order — cutomuto
Primeras 150 de 310 acciones detectadas
| 0:05 | Construir | House |
| 0:32 | Construir | House |
| 0:33 | Crear | Villager (Male) |
| 0:33 | Crear | Villager (Male) |
| 0:34 | Crear | Villager (Male) |
| 0:34 | Crear | Villager (Male) |
| 0:34 | Crear | Villager (Male) |
| 0:35 | Crear | Villager (Male) |
| 0:36 | Investigar | Loom |
| 0:36 | Investigar | Loom |
| 1:40 | Crear | Villager (Male) |
| 1:40 | Crear | Villager (Male) |
| 1:40 | Crear | Villager (Male) |
| 2:23 | Crear | Villager (Male) |
| 2:24 | Crear | Villager (Male) |
| 2:24 | Crear | Villager (Male) |
| 2:32 | Construir | Lumber Camp |
| 2:52 | Crear | Villager (Male) |
| 2:52 | Crear | Villager (Male) |
| 2:52 | Crear | Villager (Male) |
| 3:19 | Crear | Villager (Male) |
| 3:19 | Crear | Villager (Male) |
| 3:44 | Crear | Villager (Male) |
| 3:44 | Crear | Villager (Male) |
| 3:44 | Crear | Villager (Male) |
| 3:48 | Construir | House |
| 4:25 | Crear | Villager (Male) |
| 4:26 | Crear | Villager (Male) |
| 4:26 | Crear | Villager (Male) |
| 5:13 | Construir | Mill |
| 5:14 | Crear | Villager (Male) |
| 5:14 | Crear | Villager (Male) |
| 5:15 | Crear | Villager (Male) |
| 5:42 | Crear | Villager (Male) |
| 5:42 | Crear | Villager (Male) |
| 5:42 | Crear | Villager (Male) |
| 6:14 | Crear | Villager (Male) |
| 6:15 | Crear | Villager (Male) |
| 6:15 | Crear | Villager (Male) |
| 6:15 | Crear | Villager (Male) |
| 6:18 | Construir | House |
| 6:33 | Crear | Villager (Male) |
| 6:33 | Crear | Villager (Male) |
| 6:34 | Crear | Villager (Male) |
| 6:34 | Crear | Villager (Male) |
| 7:22 | Crear | Villager (Male) |
| 7:22 | Crear | Villager (Male) |
| 7:35 | Crear | Villager (Male) |
| 7:36 | Crear | Villager (Male) |
| 7:36 | Crear | Villager (Male) |
| 7:38 | Crear | Villager (Male) |
| 7:38 | Crear | Villager (Male) |
| 7:40 | Crear | Villager (Male) |
| 7:41 | Crear | Villager (Male) |
| 7:48 | Construir | Mining Camp |
| 7:49 | Crear | Villager (Male) |
| 7:50 | Crear | Villager (Male) |
| 7:50 | Crear | Villager (Male) |
| 7:50 | Crear | Villager (Male) |
| 7:50 | Crear | Villager (Male) |
| 7:59 | Crear | Villager (Male) |
| 7:59 | Crear | Villager (Male) |
| 8:00 | Crear | Villager (Male) |
| 8:00 | Crear | Villager (Male) |
| 8:09 | Crear | Villager (Male) |
| 8:10 | Crear | Villager (Male) |
| 8:10 | Crear | Villager (Male) |
| 8:21 | Crear | Villager (Male) |
| 8:22 | Crear | Villager (Male) |
| 8:22 | Crear | Villager (Male) |
| 8:56 | Investigar | Feudal Age |
| 8:57 | Investigar | Feudal Age |
| 8:57 | Investigar | Feudal Age |
| 8:57 | Investigar | Feudal Age |
| 9:08 | Construir | Barracks |
| 9:20 | Construir | Palisade Wall |
| 9:44 | Construir | Palisade Wall |
| 9:59 | Construir | Palisade Wall |
| 10:31 | Construir | Palisade Wall |
| 10:56 | Construir | House |
| 11:06 | Edad | Edad Feudal |
| 11:24 | Construir | Archery Range |
| 11:25 | Crear | Villager (Male) |
| 11:26 | Crear | Villager (Male) |
| 11:44 | Investigar | Double-Bit Axe |
| 11:44 | Investigar | Double-Bit Axe |
| 11:44 | Investigar | Double-Bit Axe |
| 11:44 | Investigar | Double-Bit Axe |
| 12:07 | Crear | Villager (Male) |
| 12:11 | Construir | Mill |
| 12:16 | Crear | Spearman |
| 12:46 | Crear | Villager (Male) |
| 12:55 | Crear | Villager (Male) |
| 12:55 | Crear | Villager (Male) |
| 12:59 | Crear | Archer |
| 12:59 | Crear | Archer |
| 12:59 | Crear | Archer |
| 13:05 | Construir | Palisade Wall |
| 13:26 | Crear | Villager (Male) |
| 14:03 | Crear | Spearman |
| 14:15 | Construir | Palisade Wall |
| 14:39 | Crear | Villager (Male) |
| 14:41 | Crear | Archer |
| 14:41 | Crear | Archer |
| 14:49 | Construir | House |
| 14:50 | Construir | House |
| 14:57 | Crear | Villager (Male) |
| 15:02 | Crear | Archer |
| 15:02 | Crear | Archer |
| 15:14 | Construir | Palisade Wall |
| 15:38 | Investigar | Horse Collar |
| 15:38 | Investigar | Horse Collar |
| 15:39 | Investigar | Horse Collar |
| 15:39 | Investigar | Horse Collar |
| 15:39 | Crear | Villager (Male) |
| 15:40 | Crear | Villager (Male) |
| 15:53 | Crear | Spearman |
| 15:53 | Crear | Spearman |
| 15:56 | Crear | Archer |
| 15:57 | Crear | Archer |
| 16:23 | Crear | Villager (Male) |
| 16:44 | Construir | House |
| 17:03 | Construir | Farm |
| 17:04 | Crear | Villager (Male) |
| 17:10 | Construir | Farm |
| 17:20 | Construir | Farm |
| 17:26 | Construir | Lumber Camp |
| 17:26 | Crear | Villager (Male) |
| 17:27 | Crear | Villager (Male) |
| 17:32 | Construir | Farm |
| 17:34 | Construir | Farm |
| 17:37 | Construir | Farm |
| 17:39 | Construir | Farm |
| 17:40 | Construir | Farm |
| 17:45 | Construir | House |
| 17:48 | Construir | House |
| 17:49 | Construir | House |
| 18:04 | Crear | Archer |
| 18:04 | Crear | Archer |
| 18:05 | Crear | Spearman |
| 18:15 | Crear | Villager (Male) |
| 18:21 | Crear | Villager (Male) |
| 19:05 | Crear | Villager (Male) |
| 19:10 | Construir | Blacksmith |
| 19:13 | Crear | Villager (Male) |
| 19:13 | Crear | Villager (Male) |
| 19:27 | Crear | Archer |
| 19:27 | Crear | Archer |
| 19:28 | Crear | Archer |
| 19:49 | Crear | Villager (Male) |
Build order — Grand
Primeras 150 de 173 acciones detectadas
| 0:00 | Crear | Villager (Male) |
| 0:01 | Crear | Villager (Male) |
| 0:01 | Crear | Villager (Male) |
| 0:01 | Crear | Villager (Male) |
| 0:03 | Construir | House |
| 0:04 | Construir | House |
| 1:29 | Crear | Villager (Male) |
| 1:47 | Construir | Lumber Camp |
| 2:00 | Crear | Villager (Male) |
| 2:23 | Crear | Villager (Male) |
| 2:23 | Crear | Villager (Male) |
| 2:46 | Crear | Villager (Male) |
| 3:02 | Construir | House |
| 3:04 | Crear | Villager (Male) |
| 3:04 | Crear | Villager (Male) |
| 4:02 | Construir | Mill |
| 4:03 | Crear | Villager (Male) |
| 4:03 | Crear | Villager (Male) |
| 4:03 | Crear | Villager (Male) |
| 5:14 | Crear | Villager (Male) |
| 5:15 | Crear | Villager (Male) |
| 5:58 | Crear | Villager (Male) |
| 6:01 | Crear | Villager (Male) |
| 6:02 | Investigar | Loom |
| 7:22 | Investigar | Feudal Age |
| 7:31 | Construir | Barracks |
| 7:43 | Construir | House |
| 8:25 | Crear | Villager (Male) |
| 8:25 | Crear | Villager (Male) |
| 8:25 | Crear | Villager (Male) |
| 8:54 | Construir | Mill |
| 9:32 | Edad | Edad Feudal |
| 9:40 | Construir | Stable |
| 9:58 | Crear | Spearman |
| 9:58 | Crear | Spearman |
| 10:18 | Investigar | Double-Bit Axe |
| 10:37 | Construir | House |
| 10:42 | Crear | Scout Cavalry |
| 10:43 | Crear | Scout Cavalry |
| 10:53 | Crear | Villager (Male) |
| 10:54 | Crear | Villager (Male) |
| 11:00 | Construir | House |
| 11:13 | Crear | Scout Cavalry |
| 11:33 | Crear | Villager (Male) |
| 11:36 | Construir | Farm |
| 11:42 | Construir | Farm |
| 11:46 | Crear | Scout Cavalry |
| 11:47 | Crear | Scout Cavalry |
| 12:41 | Crear | Scout Cavalry ×2 |
| 12:41 | Crear | Scout Cavalry ×2 |
| 13:07 | Crear | Scout Cavalry |
| 15:11 | Crear | Scout Cavalry ×5 |
| 15:53 | Crear | Villager (Male) |
| 15:53 | Crear | Villager (Male) |
| 16:33 | Crear | Villager (Male) |
| 16:34 | Crear | Villager (Male) |
| 16:34 | Crear | Villager (Male) |
| 17:21 | Crear | Villager (Male) |
| 17:21 | Crear | Villager (Male) |
| 17:21 | Crear | Villager (Male) |
| 17:26 | Construir | Farm |
| 17:26 | Construir | Farm |
| 17:26 | Construir | Farm |
| 17:26 | Construir | Farm |
| 17:27 | Construir | Farm |
| 17:32 | Construir | Blacksmith |
| 17:41 | Construir | House |
| 17:42 | Construir | House |
| 17:43 | Construir | House |
| 17:44 | Construir | House |
| 18:00 | Construir | Farm |
| 18:01 | Construir | Farm |
| 18:06 | Construir | Farm |
| 18:07 | Construir | Farm |
| 18:12 | Construir | Farm |
| 18:12 | Construir | Farm |
| 18:13 | Construir | Farm |
| 18:13 | Construir | Farm |
| 18:25 | Crear | Villager (Male) |
| 18:58 | Crear | Villager (Male) |
| 18:58 | Crear | Villager (Male) |
| 19:17 | Construir | Watch Tower |
| 19:25 | Construir | Farm |
| 19:54 | Construir | Farm |
| 20:12 | Construir | Farm |
| 20:14 | Crear | Villager (Male) |
| 20:14 | Crear | Villager (Male) |
| 20:15 | Crear | Villager (Male) |
| 20:19 | Investigar | Scale Barding Armor |
| 20:50 | Construir | Farm |
| 21:13 | Crear | Villager (Male) |
| 21:14 | Crear | Villager (Male) |
| 22:02 | Construir | Farm |
| 22:02 | Construir | Farm |
| 22:02 | Construir | Farm |
| 22:02 | Construir | Farm |
| 22:19 | Investigar | Horse Collar |
| 23:08 | Crear | Villager (Male) |
| 23:09 | Crear | Villager (Male) |
| 23:49 | Crear | Scout Cavalry |
| 23:49 | Crear | Scout Cavalry |
| 23:49 | Crear | Scout Cavalry |
| 23:55 | Construir | House |
| 23:56 | Construir | House |
| 24:25 | Construir | Mining Camp |
| 24:26 | Crear | Villager (Male) |
| 24:26 | Crear | Villager (Male) |
| 24:26 | Crear | Villager (Male) |
| 24:56 | Construir | Mining Camp |
| 25:21 | Crear | Scout Cavalry |
| 25:37 | Construir | Market |
| 25:46 | Construir | Palisade Wall |
| 26:16 | Investigar | Bloodlines |
| 26:16 | Crear | Scout Cavalry |
| 26:16 | Crear | Scout Cavalry |
| 26:17 | Crear | Scout Cavalry |
| 26:17 | Crear | Scout Cavalry |
| 26:34 | Investigar | Castle Age |
| 26:44 | Construir | Mining Camp |
| 27:14 | Construir | Archery Range |
| 27:18 | Construir | Archery Range |
| 27:23 | Construir | Archery Range |
| 27:45 | Construir | Watch Tower |
| 28:03 | Investigar | Padded Archer Armor |
| 28:17 | Crear | Skirmisher ×5 |
| 28:17 | Crear | Skirmisher ×5 |
| 28:31 | Crear | Skirmisher ×5 |
| 28:31 | Crear | Skirmisher ×5 |
| 29:14 | Edad | Edad de los Castillos |
| 29:18 | Crear | Skirmisher ×5 |
| 29:18 | Crear | Skirmisher ×5 |
| 29:49 | Crear | Villager (Male) |
| 29:49 | Crear | Villager (Male) |
| 30:00 | Crear | Skirmisher ×2 |
| 30:01 | Crear | Skirmisher ×2 |
| 30:18 | Crear | Skirmisher ×3 |
| 30:18 | Crear | Skirmisher ×3 |
| 30:52 | Crear | Villager (Male) |
| 30:53 | Crear | Villager (Male) |
| 31:04 | Construir | Farm |
| 31:32 | Crear | Knight |
| 31:32 | Crear | Knight |
| 31:34 | Crear | Skirmisher |
| 31:34 | Crear | Skirmisher ×2 |
| 31:34 | Crear | Skirmisher |
| 31:51 | Crear | Knight |
| 31:51 | Crear | Knight |
| 33:11 | Crear | Knight ×2 |
| 33:11 | Crear | Knight ×2 |
| 34:11 | Crear | Knight |
Cronología de la partida
| 7:31 | Grand · first_building Barracks |
| 9:08 | cutomuto · first_building Barracks |
| 9:20 | cutomuto · wall_segment Palisade Wall x6 |
| 9:32 | Grand · age_up feudal |
| 9:40 | Grand · first_building Stable |
| 9:44 | cutomuto · wall_segment Palisade Wall x16 |
| 9:59 | cutomuto · wall_segment Palisade Wall x13 |
| 10:31 | cutomuto · wall_segment Palisade Wall x1 |
| 11:06 | cutomuto · age_up feudal |
| 11:24 | cutomuto · first_building Archery Range |
| 13:05 | cutomuto · wall_segment Palisade Wall x4 |
| 14:15 | cutomuto · wall_segment Palisade Wall x1 |
| 15:14 | cutomuto · wall_segment Palisade Wall x1 |
| 25:46 | Grand · wall_segment Palisade Wall x1 |
| 26:32 | Grand · first_market_sell 100 wood |
| 26:59 | cutomuto · age_up castle |
| 27:14 | Grand · first_building Archery Range |
| 27:31 | cutomuto · first_building Siege Workshop |
| 27:36 | Grand · first_market_buy 100 stone |
| 29:14 | Grand · age_up castle |
| 38:58 | Grand · resign |
[ ANÁLISIS IA · 1 CRÉDITO ]
¿Qué pasó realmente en esta partida?
Wolo.gg analiza cada decisión: build order, eco, micro, errores típicos por bracket. Análisis personalizado por WhatsApp o Discord en 30 segundos.
Guía civ
Lituanos
Guía mapa
Arabia
Perfil
Jugador #25428813